 Dungeon Crawl Stone Soup version 0.21-a0-496-g696f58f537 (webtiles) character file.

85057 Cecky the Fighter (level 15, -14/127 HPs)
             Began as a Demonspawn Gladiator on Nov 23, 2017.
             Was a High Priest of Wu Jian.
             Killed from afar by Frances (27 damage)
             ... with a shard of ice
             ... on level 2 of the Swamp.
             The game lasted 01:37:49 (29294 turns).

Cecky the Fighter (Demonspawn Gladiator)           Turns: 29294, Time: 01:37:51

Health: -14/127    AC: 32    Str: 17    XL:     15   Next: 36%
Magic:  0/17       EV: 12    Int: 12    God:    Wu Jian [*****.]
Gold:   1403       SH: 12    Dex: 19    Spells: 10/14 levels left

rFire    . . .     SeeInvis +   O - +3 scimitar (flame)
rCold    . . .     Gourm    .   b - +1 buckler {AC+3}
rNeg     . . .     Faith    .   z - +8 chain mail {rPois}
rPois    +         Spirit   +   c - +0 helmet
rElec    .         Reflect  +   C - +0 cloak
rCorr    .         Harm     .   R - +2 pair of gloves
MR       +....                  (boots unavailable)
Stlth    ..........             x - +5 amulet of reflection
HPRegen  0.31/turn              S - ring of see invisible
MPRegen  0.30/turn              F - +3 ring of strength

@: liquid flames, glowing, heavenly storm
A: hooves 3, icy blue scales 2, powered by death 3, augmentation 1, magic
shield, magic regeneration
a: Serpent's Lash, Heavenly Storm, Renounce Religion


You were on level 2 of the Swamp.
You worshipped Wu Jian.
Wu Jian was extremely pleased with you.
You were not hungry.

You visited 4 branches of the dungeon, and saw 23 of its levels.
You also visited: Labyrinth, Ossuary and Volcano.

You collected 1763 gold pieces.
You spent 360 gold pieces at shops.

Inventory:

Hand Weapons
 O - a +3 scimitar of flaming (weapon)
Missiles
 d - 3 throwing nets (quivered)
Armour
 b - a +1 buckler of protection (worn)
 c - a +0 helmet (worn)
 k - a +0 chain mail
 z - a +8 chain mail of poison resistance (worn)
 C - a +0 cloak (worn)
 P - the +5 ring mail "Giugeir" {rC+ Str+5}
   (You found it in a labyrinth)

   It affects your strength (+5).
   It protects you from cold.
 R - a +2 pair of gloves (worn)
Jewellery
 x - a +5 amulet of reflection (around neck)
 F - a +3 ring of strength (right hand)
 G - a cursed -2 ring of protection {unknown}
 S - a ring of see invisible (left hand)
Wands
 h - a wand of scattershot (3)
 p - a wand of digging (15)
 D - a wand of flame (13)
 E - a wand of clouds (6)
 H - a wand of paralysis (11)
 I - a wand of iceblast (23)
 N - a wand of acid (16)
Scrolls
 a - 4 scrolls of magic mapping
 i - 10 scrolls of teleportation
 j - 7 scrolls of fear
 m - 10 scrolls of remove curse
 r - 5 scrolls of fog
 v - a scroll of acquirement {unknown}
 y - 3 scrolls of blinking
 A - a scroll of holy word {unknown}
 B - 5 scrolls of noise {unknown}
 L - a scroll of brand weapon {unknown}
 M - 4 scrolls of identify
 T - 2 scrolls of torment {unknown}
Potions
 g - 8 potions of curing
 l - 4 potions of haste
 s - a potion of berserk rage {unknown}
 t - a potion of magic
 u - 2 potions of cancellation
 w - 3 potions of flight
 K - a potion of resistance
 Q - a potion of might
 U - 3 potions of brilliance {unknown}
 V - a potion of agility
Books
 q - a book of Ice

   Spells                             Type                      Level
   a - Ice Form                       Ice/Transmutation            4
   b - Metabolic Englaciation         Hexes/Ice                    5
   c - Ozocubu's Refrigeration        Ice                          6
   d - Bolt of Cold                   Conjuration/Ice              6
   e - Freezing Cloud                 Conjuration/Ice/Air          6
   f - Simulacrum                     Ice/Necromancy               6
Comestibles
 f - 7 bread rations
 n - 6 royal jellies
 o - 4 meat rations


   Skills:
 + Level 14.6 Fighting
 - Level 14.1 Long Blades
 - Level 1.7 Throwing
 - Level 11.7 Armour
 + Level 7.4 Dodging
 - Level 7.3 Shields
 * Level 3.3 Summonings
 * Level 3.0 Air Magic
 - Level 2.8 Evocations


You had 10 spell levels left.
You knew the following spells:

 Your Spells              Type           Power        Failure   Level  Hunger
a - Summon Lightning Spi  Summ/Air       #.......     100%        4    #####..


Dungeon Overview and Level Annotations

Branches:
Dungeon (15/15)            Temple (1/1) D:4            Lair (5/6) D:11
  Swamp (2/4) Lair:3        Snake (0/4) Lair:4        Slime (0/5) Lair:5
    Orc (0/2) D:12         Vaults (0/5) D:14         Depths (0/5) D:15

Altars:
Ashenzari
Cheibriados
Dithmenos
Elyvilon
Fedhas
Gozag
Hepliaklqana
Kikubaaqudgha
Makhleb
Nemelex Xobeh
Okawaru
Qazlal
Ru
Sif Muna
Trog
Uskayaw
Vehumet
Wu Jian
Xom
Yredelemnul
Zin
The Shining One
Jiyva

Shops:
D:9 *   D:12 *   D:14 (

Annotations:
D:9 2 transporters, Psyche
D:10 exclusion: oklob sapling
D:15 exclusion: fire giant
Swamp:2 Frances


Innate Abilities, Weirdness & Mutations

You have hooves in place of feet.
You are mostly covered in icy blue scales. (AC +3)
You regenerate a lot of health from kills.
Your magical and physical power is slightly enhanced at high health.
When hurt, damage is shared between your health and your magic reserves.
You regenerate magic rapidly.


Message History

The chaos spawn gores you but does no damage.
Frances whispers indecipherable words.
The iron shot hits you!
* * * LOW HITPOINT WARNING * * *
The red devil barely misses you.
The smoke demon hits you but does no damage.
The smoke demon hits you.
* * * LOW HITPOINT WARNING * * *
The smoke demon closely misses you.
That item cannot be evoked!
Aiming: Scattershot
Press: ? - help, Shift-Dir - straight line, f - Frances
Aim: Frances, wielding a hand axe of chopping and wearing a shiny ring mail (golden dust, almost dead, fast, haloed)
The burst of metal fragments hits Frances. x6
Frances is almost dead.
You are covered in liquid flames!
* * * LOW HITPOINT WARNING * * *
Frances whispers indecipherable words.
The shard of ice hits you!
You die...

≈≈♣♣♣.≈.....≈..≈≈≈..≈<♣♣♣
≈.......≈≈..≈≈≈.>≈≈≈≈.≈♣♣
.#......≈.≈≈≈≈≈≈≈≈≈≈..≈♣ ≈≈
....).#...≈≈≈≈≈≈≈≈≈.≈♣≈. ...
#...##.[..≈.≈≈....≈♣♣≈≈ .≈..
#........≈.≈.$♣...≈..≈≈
.≈..###...##§§§.≈≈.≈..≈≈≈≈.♣.
.≈........4§4@§.≈≈≈.≈≈≈≈≈§.≈♣
♣......#..#@#3.♣♣.≈≈......≈.
♣♣.#....#..#3#§♣♣≈.≈≈.....≈≈≈
♣♣♣.........§§##..♣♣.≈..≈≈≈.≈≈≈
...≈≈.....#.§§§§..♣♣...>≈≈≈.≈≈≈
...≈≈≈.###÷....§≈.♣♣♣♣≈....≈≈≈≈
..≈≈≈≈≈....(..≈≈≈≈≈..♣♣♣♣.≈≈≈≈≈
≈..≈≈≈≈≈...♣♣≈≈≈≈...≈♣ ♣♣..≈♣♣
....≈≈≈≈≈..≈♣♣.≈≈≈♣♣♣♣♣♣♣♣♣♣♣♣♣
♣≈≈[.≈≈.♣.......≈≈.♣♣♣.≈♣ ♣♣≈≈


You could see Frances, a smoke demon, a chaos spawn and a red devil.

Vanquished Creatures
  Rupert (D:13)
  A minotaur (Lab)
  Fannar (D:12)
  The ghost of Malachi the Cleaver, a journeyman DsBe of Trog (Lair:1)
  Erolcha (D:9)
  A catoblepas (Lair:1)
  4 vault guards (D:14)
  2 death knights
  12 hydras
  Erica (D:8)
  10 two-headed ogres
  An ogre mage (D:15)
  6 alligators
  4 centaur warriors
  A skeletal warrior (Volcano)
  2 unseen horrors
  Pikel (D:3)
  2 swamp dragons (Swamp:2)
  A shambling mangrove (Swamp:1)
  4 anaconda skeletons (Volcano)
  4 deep elf magi
  4 manticores
  5 ugly things
  A cyclops (D:14)
  9 elephants
  2 black mambas
  12 spiny frogs
  5 gargoyles
  A rime drake (Lair:1)
  An efreet (D:14)
  5 komodo dragons
  A troll (D:10)
  A jumping spider (shapeshifter) (D:14)
  A polar bear (Lair:5)
  2 harpy skeletons (Volcano)
  9 hornets
  A bog body (Swamp:1)
  18 slime creatures
  2 flying skulls (Volcano)
  9 hippogriffs
  An alligator skeleton (Volcano)
  A centaur simulacrum (D:15)
  4 spriggans
  A wraith (D:13)
  2 shadows
  3 vampires
  25 yaks
  A wyvern (D:13)
  A hungry ghost (D:14)
  13 vampire mosquitoes
  Menkaure (D:4)
  3 wargs (D:11)
  8 swamp worms
  4 insubstantial wisps (Swamp:1)
  11 water moccasins
  5 porcupines
  A swamp drake (Swamp:2)
  5 black bears
  A slave (D:3)
  2 sky beasts
  2 hornet zombies (D:13)
  5 ice beasts
  7 orc warriors
  7 wolves
  6 ogres
  A phantom (D:10)
  12 centaurs
  The ghost of Cecky the Changer, an amateur MfTm of the Shining One (D:3)
  9 crocodiles
  2 big kobolds
  18 bullfrogs
  A wyvern zombie (D:12)
  3 scorpions
  A wyvern skeleton (D:14)
  23 killer bees
  3 troll skeletons (Volcano)
  13 wights
  6 howler monkeys
  2 electric eels
  7 crimson imps
  2 centaur zombies
  2 bullfrog zombies (D:5)
  5 bullfrog skeletons
  8 hounds
  6 jellies
  9 orc priests
  8 centaur skeletons
  A gnoll shaman (D:5)
  19 orc wizards
  5 iguanas
  13 worker ants
  A naga skeleton (Volcano)
  A hound zombie (D:10)
  A hound skeleton (D:8)
  4 mummies
  2 worker ant zombies
  4 gnolls (D:5)
  16 adders
  2 howler monkey skeletons
  4 shadow imps
  3 oozes (Lair:5)
  3 adder zombies
  2 adder skeletons
  2 worms
  9 leopard geckos
  49 orcs
  5 bats
  6 giant cockroaches
  9 goblins
  11 hobgoblins
  3 jackals (D:8)
  5 quokkas
  8 ball pythons
  4 frilled lizards
  A gnoll skeleton (Ossuary)
  A goblin skeleton (Ossuary)
  2 goblin zombies (Ossuary)
  2 hobgoblin skeletons (Ossuary)
  6 hobgoblin zombies (Ossuary)
  16 kobolds
  2 kobold skeletons (Ossuary)
  2 kobold zombies (Ossuary)
  A leopard gecko skeleton (D:7)
  3 orc skeletons (Ossuary)
  4 orc zombies
  A quokka skeleton (D:6)
  2 rat skeletons (Ossuary)
  3 rat zombies (Ossuary)
  A fungus (Lair:3)
  A plant (Lair:1)
652 creatures vanquished.

Vanquished Creatures (others)
  A kobold demonologist (D:13)
  A yaktaur (D:15)
  A flying skull (Volcano)
  A slave (D:4)
  A worker ant (D:4)
  A mummy (Ossuary)
  An adder (D:4)
  An orc (D:13)
  A gnoll zombie (Ossuary)
  A quokka (D:2)
  A frilled lizard (D:2)
  4 goblin skeletons (Ossuary)
  3 goblin zombies (Ossuary)
  A hobgoblin skeleton (Ossuary)
  A jackal skeleton (D:2)
  2 kobolds (D:13)
  A kobold skeleton (Ossuary)
  A kobold zombie (Ossuary)
  5 orc skeletons (Ossuary)
  2 orc zombies (Ossuary)
  3 rat skeletons (Ossuary)
  3 rat zombies (Ossuary)
  A fungus (Lair:2)
  3 plants
  4 toadstools (D:1)
45 creatures vanquished.

Grand Total: 697 creatures vanquished

Notes
Turn   | Place    | Note
-------+----------+-------------------------------------------
     0 | D:1      | Cecky the Demonspawn Gladiator began the quest for the Orb.
     0 | D:1      | Reached XP level 1. HP: 16/16 MP: 1/1
   731 | D:2      | Gained mutation: You have large cloven feet. [demonic ancestry]
   731 | D:2      | Reached XP level 2. HP: 22/22 MP: 2/2
  1091 | D:2      | Gained mutation: You have hoof-like feet. [demonic ancestry]
  1091 | D:2      | Reached XP level 3. HP: 27/27 MP: 3/3
  1267 | D:2      | Reached skill level 1 in Armour
  1369 | D:2      | Found a white marble altar of Elyvilon.
  1787 | D:3      | Gained mutation: When hurt, damage is shared between your health and your magic reserves. [demonic ancestry]
  1787 | D:3      | Reached XP level 4. HP: 25/34 MP: 4/4
  2087 | D:3      | Noticed Cecky's ghost (amateur MfTm)
  2675 | D:3      | Killed Cecky's ghost
  2675 | D:3      | Reached XP level 5. HP: 19/40 MP: 1/5
  3355 | D:4      | Noticed a slave
  3356 | D:4      | Noticed a slave
  3357 | D:4      | Noticed Pikel
  3366 | D:4      | Noticed a slave
  3376 | D:3      | Killed a slave
  3409 | D:3      | Killed Pikel
  3409 | D:3      | Reached XP level 6. HP: 34/47 MP: 4/6
  3409 | D:3      | Reached XP level 7. HP: 38/52 MP: 4/7
  3504 | D:4      | Found an opulent altar of Gozag.
  3695 | D:4      | Found a radiant altar of Vehumet.
  3751 | D:4      | Found an iron altar of Okawaru.
  3888 | D:4      | Found a staircase to the Ecumenical Temple.
  3903 | Temple   | Entered the Ecumenical Temple
  4172 | D:4      | Found a shimmering altar of Xom.
  4343 | D:4      | Noticed Menkaure
  4364 | D:5      | Entered Level 5 of the Dungeon
  4437 | D:5      | Found a sand-covered staircase.
  4464 | Ossuary  | Entered an ossuary
  4796 | D:5      | Gained mutation: You regenerate a little health from kills. [demonic ancestry]
  4796 | D:5      | Reached XP level 8. HP: 60/60 MP: 8/8
  4997 | D:5      | Noticed a hand axe
  4997 | D:5      | Noticed a dagger
  4998 | D:5      | Found a hide-covered altar of Uskayaw.
  5098 | D:4      | Killed Menkaure
  5631 | D:6      | HP: 2/60 [orc priest/divine providence (14)]
  7180 | D:6      | Gained mutation: You have hooves in place of feet. [demonic ancestry]
  7180 | D:6      | Reached XP level 9. HP: 20/66 MP: 3/9
  7828 | D:7      | Reached skill level 5 in Fighting
  7895 | D:7      | Reached skill level 10 in Long Blades
  8077 | D:7      | Reached skill level 1 in Shields
  8807 | D:8      | Gained mutation: You are partially covered in icy blue scales. (AC +2) [demonic ancestry]
  8807 | D:8      | Reached XP level 10. HP: 76/76 MP: 10/10
  8957 | D:8      | Noticed Erica
  9107 | D:8      | Killed Erica
  9185 | D:8      | Noticed a centaur warrior
  9200 | D:8      | Killed a centaur warrior
  9408 | D:8      | Found a shadowy altar of Dithmenos.
  9538 | D:9      | Noticed Erolcha
  9547 | D:9      | Killed Erolcha
  9612 | D:9      | Noticed a wizard
  9613 | D:9      | Found a burning altar of Makhleb.
  9616 | D:9      | Noticed a great orb of eyes
  9623 | D:9      | Found a transporter.
  9630 | D:9      | Found a transporter.
  9742 | D:9      | Found Atopan's Serpentskin Sales.
  9742 | D:9      | Noticed Psyche
  9745 | D:9      | Found a stormy altar of Qazlal.
 10058 | Temple   | Became a worshipper of the Wu Jian Council
 10284 | D:9      | Learned a level 4 spell: Summon Lightning Spire
 10996 | D:10     | Entered Level 10 of the Dungeon
 11001 | D:9      | Gained mutation: You regenerate magic rapidly. [demonic ancestry]
 11001 | D:9      | Reached XP level 11. HP: 83/83 MP: 11/11
 11136 | D:10     | Reached * piety under Wu Jian
 11204 | D:10     | Found a blossoming altar of Fedhas.
 11432 | D:10     | Reached ** piety under Wu Jian
 11953 | D:11     | Noticed a white ugly thing
 11972 | D:10     | Killed a white ugly thing
 12211 | D:11     | Noticed a white ugly thing
 12278 | D:11     | Noticed an unseen horror
 12290 | D:11     | Killed an unseen horror
 12324 | D:11     | Found a staircase to the Lair.
 12415 | D:11     | Killed a white ugly thing
 12848 | D:11     | Noticed a two-headed ogre
 12857 | D:11     | Killed a two-headed ogre
 13023 | D:11     | Noticed a green ugly thing
 13050 | D:11     | Killed a green ugly thing
 13764 | Lair:1   | Entered Level 1 of the Lair of Beasts
 13769 | Lair:1   | Noticed a catoblepas
 13788 | Lair:1   | Killed a catoblepas
 13788 | Lair:1   | Reached skill level 5 in Shields
 14039 | Lair:1   | Noticed Malachi's ghost (journeyman DsBe)
 14064 | Lair:1   | Killed Malachi's ghost
 14064 | Lair:1   | Reached skill level 5 in Armour
 14232 | Lair:1   | Gained mutation: You are mostly covered in icy blue scales. (AC +3) [demonic ancestry]
 14232 | Lair:1   | Reached XP level 12. HP: 94/94 MP: 12/12
 14270 | Lair:1   | Reached *** piety under Wu Jian
 15296 | Lair:2   | Noticed a six-headed hydra
 15375 | Lair:2   | Killed a two-headed hydra
 15585 | Lair:2   | Noticed a four-headed hydra
 15599 | Lair:2   | Killed a one-headed hydra
 16118 | Lair:3   | Found a staircase to the Swamp.
 16350 | Lair:3   | Noticed a four-headed hydra
 16354 | Lair:3   | Killed a one-headed hydra
 16354 | Lair:3   | Reached skill level 10 in Fighting
 16949 | Lair:3   | Reached **** piety under Wu Jian
 17213 | Lair:4   | Noticed a four-headed hydra
 17221 | Lair:4   | Killed a one-headed hydra
 17586 | Lair:4   | Gained mutation: You regenerate health from kills. [demonic ancestry]
 17586 | Lair:4   | Reached XP level 13. HP: 76/104 MP: 9/13
 17740 | Lair:4   | Found a staircase to the Snake Pit.
 18351 | Lair:5   | Found a dark tunnel.
 18365 | Volcano  | Entered a volcano
 18933 | Lair:5   | Found a runed door.
 18937 | Lair:5   | Found a viscous altar of Jiyva.
 18939 | Lair:5   | Found a staircase to the Slime Pits.
 19772 | D:12     | Found a labyrinth entrance.
 19780 | Lab      | Entered a labyrinth
 24086 | Lab      | Noticed a minotaur
 24093 | Lab      | Killed a minotaur
 24097 | Lab      | Identified the Grimoire of the Carpenter
 24099 | Lab      | Got a brightly glowing ring mail
 24226 | D:12     | Identified the +5 ring mail "Giugeir" {rC+ Str+5} (You found it in a labyrinth)
 24233 | D:12     | Noticed Fannar
 24263 | D:12     | Killed Fannar
 24331 | D:12     | Reached skill level 10 in Armour
 24439 | D:12     | Reached ***** piety under Wu Jian
 24481 | D:12     | Found a staircase to the Orcish Mines.
 24864 | D:12     | Found Purionni's General Store.
 24949 | D:13     | Gained mutation: Your magical and physical power is slightly enhanced at high health. [demonic ancestry]
 24949 | D:13     | Reached XP level 14. HP: 93/115 MP: 12/14
 25250 | D:13     | Noticed Rupert
 25260 | D:13     | Paralysed by Rupert for 4 turns
 25277 | D:13     | Killed Rupert
 25277 | D:13     | Reached skill level 5 in Dodging
 25547 | D:14     | Found a gate to the Vaults.
 26181 | D:14     | Found Nuvegrum's Antique Weapon Boutique.
 26189 | D:14     | Bought a pitted lajatang for 360 gold pieces
 26389 | D:15     | Entered Level 15 of the Dungeon
 26743 | D:15     | Reached skill level 1 in Evocations
 26814 | D:15     | Reached ****** piety under Wu Jian
 26963 | D:15     | Noticed a fire giant
 26964 | D:15     | Found a staircase to the Depths.
 27830 | Swamp:1  | Entered Level 1 of the Swamp
 27944 | Swamp:1  | Reached skill level 1 in Summonings
 27944 | Swamp:1  | Reached skill level 1 in Air Magic
 27944 | Swamp:1  | Gained mutation: You regenerate a lot of health from kills. [demonic ancestry]
 27944 | Swamp:1  | Reached XP level 15. HP: 118/126 MP: 14/17
 27976 | Swamp:1  | Paralysed by a hornet for 3 turns
 29275 | Swamp:2  | Noticed Frances
 29294 | Swamp:2  | Killed from afar by Frances

Vault maps used:
D:1:      ldierk_walled_garden_2
D:2:      kennysheep_the_goblin_king, elyvilon_altar_4
D:3:      first_bread, minivault_14
D:4:      lemuel_coloured_pillars_altar, vehumet_crystals,
          nicolae_gozag_seed_capital, minmay_temple_entry_statues_fountains,
          xom_teletrap_fun, uniq_menkaure, uniq_pikel
D:5:      dancing_weapons_uskayaw, nicolae_ossuary_entry_giza, hex_medium,
          sigmund_army
D:7:      the_bakery, uniq_crazy_yiuf_cottage
D:8:      minmay_cornered_nines, nicolae_dithmenos_through_a_glass_darkly,
          minivault_4, serial_bayou_ford_a, uniq_erica
D:9:      gammafunk_temple_overflow_arena, nicolae_qazlal_style_of_elements,
          grunt_ministairs_8, guppyfry_shop_venom, uniq_psyche, uniq_erolcha
D:10:     introduction_to_nature_1
D:11:     erik_lair_orcish_takeover, minmay_misc_feat_square
D:12:     orc_0_dummy, lab_entry_generic, serial_shops, shop, uniq_fannar
D:13:     uniq_rupert
D:14:     lightli_vaults_fourway_checkpoint, serial_shops, nicolae_shop_trees,
          corexii_hall_statues_s
D:15:     grunt_enter_depths_giant_problem
Temple:   minmay_temple_curvy_branch
Lair:1:   serial_bayou_lake_a
Lair:2:   beast_lair_carwin_3
Lair:3:   swamp_mist
Lair:4:   dummy_snake_entry
Lair:5:   slime_altar_2, nicolae_volcano_entry_lava_flow, grunt_megastairs_4
Swamp:1:  evilmike_swamp_ruin_rubble_2
Swamp:2:  evilmike_swamp_ruin_rubble_1, swamp_pool1,
          infiniplex_staircase_pool_2, uniq_frances
Lab:      nicolae_lab_checkerboard
Ossuary:  ossuary_due_pyramid
Volcano:  volcano_tomb

Skill      XL: |  1  2  3  4  5  6  7  8  9 10 11 12 13 14 15 |
---------------+----------------------------------------------+-----
Long Blades    | 3 4 6 7 9 11 13 14 | 14.1
Armour         | 1 2 3 4 5 8 10 11 | 11.7
Fighting       | 3 4 5 6 8 10 12 14 | 14.6
Shields        | 1 3 5 7 |  7.3
Dodging        | 4 7 |  7.4
Evocations     | 2 |  2.8
Summonings     | 1 3 |  3.3
Air Magic      | 1 3 |  3.0
Throwing       | |  1.7

Action                   |  1- 3 |  4- 6 |  7- 9 | 10-12 | 13-15 || total
-------------------------+-------+-------+-------+-------+-------++-------
Melee: Long sword        |   103 |    82 |   466 |       |       ||   651
       Kick              |    18 |    32 |   179 |   314 |   440 ||   983
       Scimitar          |       |       |    50 |   833 |   964 ||  1847
Throw: Throwing net      |       |       |       |       |     3 ||     3
Invok: Heavenly Storm    |       |       |       |       |     1 ||     1
Evoke: Wand              |       |       |       |       |     1 ||     1
  Use: Scroll            |       |     9 |     9 |     6 |    17 ||    41
       Potion            |       |     1 |     2 |     5 |     4 ||    12
 Stab: Held in net/web   |       |       |       |       |     2 ||     2
  Eat: Chunk             |     3 |     5 |     7 |    23 |    14 ||    52
       Fruit             |       |       |     2 |     5 |     2 ||     9
       Bread ration      |       |       |     2 |       |     2 ||     4
       Royal jelly       |       |       |       |     1 |     2 ||     3
       Meat ration       |       |       |       |       |     2 ||     2
Armor: Chain mail        |    70 |    62 |   287 |   388 |   233 ||  1040
       Leather armour    |     3 |       |       |       |       ||     3
       Ring mail         |       |       |       |       |   124 ||   124
Dodge: Dodged            |    35 |    33 |   110 |   188 |   308 ||   674
Block: Buckler           |       |     5 |    91 |   218 |   343 ||   657
       Reflection        |       |       |       |       |     8 ||     8
       Rpst.: Long sword |    12 |    12 |    26 |       |       ||    50
       Scimitar          |       |       |     2 |    60 |    82 ||   144

Table legend:
 A = Spawn XP
 B = Non-spawn XP
 C = Spawn XP percentage of total XP
 D = Spawn monster count
 E = Non-spawn monster count
 F = Spawn count percentage of total count
 G = Total turns spent on level
                    A         B        C        D         E        F      G
               +---------+---------+-------+---------+---------+-------+---------
         Total |       0 |  121510 |   0.0 |       0 |     646 |   0.0 | 29294
               +---------+---------+-------+---------+---------+-------+---------
           D:1 |       0 |       9 |   0.0 |       0 |       5 |   0.0 |   679
           D:2 |       0 |      77 |   0.0 |       0 |      26 |   0.0 |  1265
           D:3 |       0 |     881 |   0.0 |       0 |      19 |   0.0 |  1529
           D:4 |       0 |     516 |   0.0 |       0 |      12 |   0.0 |   826
           D:5 |       0 |     483 |   0.0 |       0 |      27 |   0.0 |  1416
           D:6 |       0 |     957 |   0.0 |       0 |      23 |   0.0 |  1495
           D:7 |       0 |    2136 |   0.0 |       0 |      29 |   0.0 |  1008
           D:8 |       0 |    2668 |   0.0 |       0 |      32 |   0.0 |   907
           D:9 |       0 |    3798 |   0.0 |       0 |      44 |   0.0 |  1381
          D:10 |       0 |    2624 |   0.0 |       0 |      47 |   0.0 |  1136
          D:11 |       0 |    4600 |   0.0 |       0 |      35 |   0.0 |  1568
          D:12 |       0 |   11222 |   0.0 |       0 |      60 |   0.0 |   929
          D:13 |       0 |    8955 |   0.0 |       0 |      41 |   0.0 |   537
          D:14 |       0 |   11002 |   0.0 |       0 |      28 |   0.0 |   857
          D:15 |       0 |   14382 |   0.0 |       0 |      22 |   0.0 |  1329
        Lair:1 |       0 |    6638 |   0.0 |       0 |      25 |   0.0 |  1510
        Lair:2 |       0 |    6133 |   0.0 |       0 |      27 |   0.0 |   914
        Lair:3 |       0 |    3564 |   0.0 |       0 |      12 |   0.0 |  1265
        Lair:4 |       0 |    5142 |   0.0 |       0 |      13 |   0.0 |   981
        Lair:5 |       0 |    4652 |   0.0 |       0 |      19 |   0.0 |  1099
       Swamp:1 |       0 |   12905 |   0.0 |       0 |      34 |   0.0 |   936
       Swamp:2 |       0 |   10944 |   0.0 |       0 |      23 |   0.0 |   528
           Lab |       0 |    1032 |   0.0 |       0 |       1 |   0.0 |  4323
       Ossuary |       0 |      41 |   0.0 |       0 |      24 |   0.0 |   310
       Volcano |       0 |    6149 |   0.0 |       0 |      18 |   0.0 |   292
               +---------+---------+-------+---------+---------+-------+---------
